 Dungeon Crawl Stone Soup version 0.28-a0-1638-g9123634e07 (webtiles) character file.

Game seed: 13634611717673350970

35 Ajdolov the Skirmisher (level 3, -1/31 HPs)
             Began as a Palentonga Fighter on Jan 25, 2022.
             Slain by a jackal (2 damage)
             ... on level 1 of the Dungeon.
             The game lasted 00:03:16 (692 turns).

Ajdolov the Skirmisher (Palentonga Fighter)          Turns: 692, Time: 00:03:16

Health: -1/31      AC:  6    Str: 21    XL:     3   Next: 17%
Magic:  3/3        EV:  7    Int:  8    God:
Gold:   46         SH:  4    Dex:  9    Spells: 2/2 levels left

rFire   . . .      SeeInvis +   a - +0 flail
rCold   . . .      Faith    .   c - +0 buckler
rNeg    . . .      Spirit   .   b - +0 scale mail
rPois   .          Reflect  .   (no helmet)
rElec   .          Harm     .   i - scarf {+Inv}
rCorr   .          Rampage  .   (no gloves)
Will    .....                   (no barding)
Stlth   ..........              (no amulet)
HPRegen 0.10/turn               (no ring)
MPRegen 0.08/turn               (no ring)

@: no status effects
A: large, rugged brown scales 3, see invisible, deformed body, roll 1, armoured
tail
a: Rolling Charge, Evoke Invisibility


You were on level 1 of the Dungeon.
You visited 1 branch of the dungeon, and saw 1 of its levels.

You collected 46 gold pieces.

Inventory:

Hand Weapons
 a - a +0 flail (weapon)
Armour
 b - a +0 scale mail (worn)
 c - a +0 buckler (worn)
 i - a scarf of invisibility (worn)
Scrolls
 e - a scroll of teleportation {unknown}
 f - a scroll of amnesia {unknown}
 h - a scroll of fear {unknown}
Potions
 d - a potion of might
 g - a potion of flight {unknown}


   Skills:
 + Level 3.4 Fighting
 * Level 3.2 Maces & Flails
 - Level 2.4 Armour
 - Level 2.4 Shields


You had 2 spell levels left.
You didn't know any spells.
Your spell library was empty.

Dungeon Overview and Level Annotations

Branches:
Dungeon (1/15)

Altars:


Innate Abilities, Weirdness & Mutations

You are completely covered in rugged brown scales. (AC +3, +7% HP)
You have supernaturally acute eyesight. (SInv)
Armour fits poorly on your strangely shaped body.
You can roll at nearby foes to attack.
You have a long armoured tail.


Message History

You hit the endoplasm.
The endoplasm is almost dead.
You hear a bark!
The endoplasm freezes you.
You are frozen.
* * * LOW HITPOINT WARNING * * *
You hit the endoplasm.
You kill the endoplasm!
A jackal comes into view.
Roll where?
Press: ? - help, Dir - move target, f - jackal
Aim: a jackal (wandering, hasn't noticed you)
You roll forward with a clatter of scales!
Found 18 bolts.
You barely miss the jackal.
You hear a bark! x2
The jackal barely misses you.
The jackal bites you but does no damage.
You completely miss the jackal.
A jackal comes into view.
The jackal bites you.
* * * LOW HITPOINT WARNING * * *
A jackal comes into view.
The jackal bites you.
* * * LOW HITPOINT WARNING * * *
The jackal moves out of view.
The jackal barks!
You hit the jackal.
You kill the jackal!
You hear a bark!
Roll where?
Press: ? - help, Dir - move target, f - jackal
Aim: a jackal You roll forward with a clatter of scales!
A jackal comes into view.
You closely miss the jackal. The jackal closely misses you.
The jackal barely misses you. The jackal bites you.
* * * LOW HITPOINT WARNING * * *
The jackal bites you.
You die...

..# ..# #### #.#
####.># #.# #..○@h#####
#.# ###.###h....#
#.#######...# #h....#
###.....)...### #..(..#
....##.###### #......#
###....#########.#...##
#.....#.............
#........)###...#####
#......)........#


You could see 3 jackals.

Vanquished Creatures
  3 dart slugs (D:1)
  6 ball pythons (D:1)
  2 bats (D:1)
  3 endoplasms (D:1)
  A giant cockroach (D:1)
  A goblin (D:1)
  A hobgoblin (D:1)
  4 jackals (D:1)
  3 kobolds (D:1)
  2 quokkas (D:1)
  A rat (D:1)
27 creatures vanquished.

Notes
Turn   | Place    | Note
-------+----------+-------------------------------------------
     0 | D:1      | Ajdolov the Palentonga Fighter began the quest for the Orb.
     0 | D:1      | Reached XP level 1. HP: 19/19 MP: 1/1
   163 | D:1      | Reached XP level 2. HP: 25/25 MP: 2/2
   616 | D:1      | Reached XP level 3. HP: 4/31 MP: 3/3
   692 | D:1      | HP: 1/31 [jackal (1)]
   692 | D:1      | Slain by a jackal

Illustrated notes

Levels and vault maps discovered:
D:1:      dpeg_arrival_ternary, layout_rooms,
          dilly_ecumenical_altar_fadedgnrine, grunt_decor_junction

Skill      XL: |  1  2 |
---------------+-------+-----
Maces & Flails | 3 |  3.2
Fighting       | |  3.4
Armour         | |  2.4
Shields        | |  2.4

Action                   || total
-------------------------++-------
Melee: Flail             ||    83
       Tailslap          ||     7
 Abil: Rolling Charge    ||     7
Armor: Scale mail        ||    41
Dodge: Dodged            ||    51
Block: Buckler           ||    19

Table legend: (Time is in decaauts)
 A = Elapsed time spent in this place.
 B = Non-inter-level travel time spent in this place.
 C = Inter-level travel time spent in this place.
 D = Time resting spent in this place.
 E = Time spent auto-exploring this place.
 F = Levels seen in this place.
 G = Mean time per level.
                   A        B        C        D        E       F      G
               +--------+--------+--------+--------+--------+-----+--------+
         Total |    716 |    716 |      0 |     25 |    479 |   1 |  716.0 |
       Dungeon |    716 |    716 |      0 |     25 |    479 |   1 |  716.0 |
               +--------+--------+--------+--------+--------+-----+--------+

Top non-repeatable levels by time:
     D:1: 716 daAuts
